 Dungeon Crawl Stone Soup version 0.29-a0-1008-g949cc1d0fb (webtiles) character file.

Game seed: 11831194619853707869

490 KyoPewz the Gusty (level 6, -10/32 HPs)
             Began as a Deep Elf Air Elementalist on Aug 7, 2022.
             Mangled by a black bear (11 damage)
             ... on level 5 of the Dungeon.
             The game lasted 00:09:39 (5011 turns).

KyoPewz the Gusty (Deep Elf Air Elementalist)       Turns: 5011, Time: 00:09:40

Health: -10/32     AC:  3    Str:  5    XL:     6   Next: 90%
Magic:  2/14       EV: 13    Int: 22    God:
Gold:   279        SH:  0    Dex: 15    Spells: 3/13 levels left

rFire   . . .      SeeInvis .   g - staff of conjuration
rCold   . . .      Faith    .   (no shield)
rNeg    . . .      Spirit   .   a - +0 robe
rPois   .          Reflect  .   r - +0 helmet
rElec   .          Harm     .   (no cloak)
rCorr   .          Rampage  .   (no gloves)
Will    .....                   (no boots)
Stlth   ++........              (no amulet)
HPRegen 0.10/turn               (no ring)
MPRegen 0.14/turn               (no ring)

@: very slightly contaminated
A: no striking features
a: no special abilities


You were on level 5 of the Dungeon.
You visited 2 branches of the dungeon, and saw 6 of its levels.

You collected 279 gold pieces.

Inventory:

Hand Weapons
 s - a +1 dagger of venom
Armour
 a - a +0 robe (worn)
 r - a +0 helmet (worn)
Magical Staves
 g - a staff of conjuration (weapon)
Scrolls
 i - a scroll of silence {unknown}
 k - a scroll of torment {unknown}
 l - 2 scrolls of teleportation {unknown}
 m - a scroll of noise {unknown}
 n - 2 scrolls of blinking {unknown}
 p - a scroll of brand weapon {unknown}
 q - a scroll of identify
Potions
 b - a potion of magic
 c - a potion of might
 d - a potion of resistance
 f - a potion of haste {unknown}
 h - a potion of lignification
 j - a potion of heal wounds
 o - a potion of attraction {unknown}


   Skills:
 - Level 3.0 Dodging
 - Level 3.0 Stealth
 - Level 4.0 Spellcasting
 - Level 4.0 Conjurations
 * Level 6.3 Air Magic


You had 3 spell levels left.
You knew the following spells:

 Your Spells              Type           Power      Damage    Failure   Level
a - Shock                 Conj/Air       100%       1d9       1%          1
b - Static Discharge      Conj/Air       40%        3-8/arc   1%          2
c - Swiftness             Air            32%        N/A       2%          3
d - Airstrike             Air            16%        2d(3-19)  9%          4

Your spell library contained the following spells:

 Spells                   Type           Power      Damage    Failure   Level
 Poisonous Vapours        Pois/Air       36%        N/A       4%          2
 Corpse Rot               Necr/Pois/Air  13%        N/A       43%         4


Dungeon Overview and Level Annotations

Branches:
Dungeon (5/15)             Temple (1/1) D:4

Altars:
Elyvilon
Kikubaaqudgha
Ru
Vehumet
Yredelemnul
The Shining One


Message History

The black bear growls angrily.
Unknown command.
You feel a surge of power!
The zap hits the black bear.
The black bear is lightly wounded.
Casting: Shock (safe; 1% risk of failure)
Confirm with . or Enter, or press ? or * to list all spells.
You feel a surge of power!
The black bear is struck by an arc of lightning.
The black bear is moderately wounded.
You are struck by an arc of lightning.
The lightning grounds out.
The black bear bites you but does no damage.
The black bear claws you. x2
Casting: Static Discharge (safe; 1% risk of failure)
Confirm with . or Enter, or press ? or * to list all spells.
You feel a surge of power!
The black bear is struck by an arc of lightning!
The black bear is severely wounded.
You are struck by an arc of lightning.
The black bear is struck by an arc of lightning.
The black bear is severely wounded.
The lightning grounds out.
The black bear goes berserk!
Casting: Static Discharge (safe; 1% risk of failure)
Confirm with . or Enter, or press ? or * to list all spells.
You feel a surge of power!
You miscast Static Discharge.
You are very lightly contaminated with residual magic.
Nothing appears to happen.
The black bear bites you! The black bear claws you.
* * * LOW HITPOINT WARNING * * *
The black bear misses you. The black bear closely misses you.
The black bear misses you. The black bear claws you.
* * * LOW HITPOINT WARNING * * *
Unknown command.
Casting: Static Discharge (safe; 1% risk of failure)
Confirm with . or Enter, or press ? or * to list all spells.
The spell is quite dangerous to miscast (9% risk of failure)!
Continue anyway?
Aiming: Airstrike (quite dangerous; 9% risk of failure)
Press: ? - help, Dir - move target, f/p - black bear
Aim: a black bear (severely wounded, berserk, empty space bonus: 3/8)
The air twists around and strikes the black bear but does no damage.
The black bear bites you!
You die...

#. #........~~##....
## ##...............
####.#####..##.###
.................
###.######..<.....
#..............###
#+###.###..)≈≈≈≈≈...##
#...h.##...##≈≈≈≈≈≈..#
#@#..##.#####≈≈≈..
#.#.≈≈##.##.#≈≈≈≈.
#...≈≈≈##...#≈≈≈≈.
#..≈≈≈≈≈###.#≈≈≈≈≈
#..≈≈≈≈≈≈≈#.######
#..≈≈≈≈≈≈≈#.......
#..≈≈≈≈≈≈≈#.######
#..≈≈≈#####.#≈≈≈≈≈
#...≈≈#.....#≈≈≈≈.


You could see a black bear (berserk).

Vanquished Creatures
  A centaur (D:5)
  A phantom (D:5)
  A howler monkey (D:5)
  2 hounds (D:4)
  An orc priest (D:5)
  2 iguanas (D:4)
  3 gnolls (D:4)
  6 adders
  An ufetubus (D:5)
  2 worms
  2 dart slugs (D:1)
  8 orcs
  3 endoplasms
  A giant cockroach (D:4)
  7 goblins
  5 hobgoblins
  5 kobolds
  4 quokkas
  3 ball pythons
  A bat (D:1)
  3 frilled lizards
  6 rats
  A bush (D:5)
69 creatures vanquished.

Notes
Turn   | Place    | Note
-------+----------+-------------------------------------------
     0 | D:1      | KyoPewz the Deep Elf Air Elementalist began the quest for
                  | the Orb.
     0 | D:1      | Reached XP level 1. HP: 10/10 MP: 6/6
   126 | D:1      | Reached XP level 2. HP: 15/15 MP: 2/8
   184 | D:1      | Found a faded altar of an unknown god.
  1003 | D:2      | Reached XP level 3. HP: 19/19 MP: 5/9
  2491 | D:4      | Reached XP level 4. HP: 16/24 MP: 4/11
  2494 | D:4      | Learned a level 2 spell: Static Discharge
  2498 | D:4      | Learned a level 3 spell: Swiftness
  2503 | D:4      | Learned a level 4 spell: Airstrike
  2722 | D:4      | Found a sacrificial altar of Ru.
  2738 | D:4      | Reached skill level 4 in Air Magic
  2738 | D:4      | Reached XP level 5. HP: 28/28 MP: 2/13
  2932 | D:4      | Found a white marble altar of Elyvilon.
  3290 | D:4      | Found a staircase to the Ecumenical Temple.
  3300 | Temple   | Entered the Ecumenical Temple
  3938 | D:5      | Entered Level 5 of the Dungeon
  4028 | D:5      | Noticed a centaur
  4032 | D:5      | Reached XP level 6. HP: 32/32 MP: 9/14
  4043 | D:5      | Reached skill level 5 in Air Magic
  4864 | D:5      | Reached skill level 6 in Air Magic
  5010 | D:5      | HP: 1/32 [black bear (6)]
  5011 | D:5      | Mangled by a black bear

Illustrated notes

Levels and vault maps discovered:
D:1:      ebering_trefoil_twist, layout_rooms, basic_ecumenical_altar, hex_large
D:2:      layout_basic
D:3:      layout_basic
D:4:      layout_basic, nicolae_ru_awakened_eye,
          mainiacjoe_overflow_small_starburst, minmay_temple_entry_large_hall
D:5:      layout_loops_ring, minmay_misc_feat_x, chequers_arboretum,
          minivault_19, dk_noncrumbling_3, minivault_4, grunt_decor_junction,
          kb_lookout_dungeons_type
Temple:   nicolae_temple_superstar

Skill      XL: |  1  2  3  4  5  6 |
---------------+-------------------+-----
Dodging        | 3 |  3.0
Stealth        | 3 |  3.0
Conjurations   | 2 3 4 |  4.0
Spellcasting   | 4 |  4.0
Air Magic      | 4 6 |  6.3

Action                   |  1- 3 |  4- 6 || total
-------------------------+-------+-------++-------
Melee: Staff             |       |   314 ||   314
       Punch             |       |     9 ||     9
 Cast: Shock             |    87 |    67 ||   154
       Airstrike         |       |     5 ||     5
       Static Discharge  |       |     2 ||     2
  Use: Scroll            |     4 |     1 ||     5
Armor: Robe              |     2 |     2 ||     4
Dodge: Dodged            |    11 |    12 ||    23

Table legend: (Time is in decaauts)
 A = Elapsed time spent in this place.
 B = Non-inter-level travel time spent in this place.
 C = Inter-level travel time spent in this place.
 D = Time resting spent in this place.
 E = Time spent auto-exploring this place.
 F = Levels seen in this place.
 G = Mean time per level.
                   A        B        C        D        E       F      G
               +--------+--------+--------+--------+--------+-----+--------+
         Total |   5072 |   4949 |    123 |    440 |   3648 |   6 |  845.3 |
       Dungeon |   5052 |   4929 |    123 |    440 |   3648 |   5 | 1010.4 |
        Temple |     19 |     19 |      0 |      0 |      0 |   1 |   19.0 |
               +--------+--------+--------+--------+--------+-----+--------+

Top non-repeatable levels by time:
     D:4: 1479 daAuts
     D:5: 1135 daAuts
     D:1: 957 daAuts
     D:2: 741 daAuts
     D:3: 738 daAuts
  Temple: 19 daAuts
